 Dungeon Crawl Stone Soup version 0.24.1-4-ge52af88ad5 (webtiles) character file.

Game seed: 11944428886476365279, levelgen mode: deterministic

66 nicanaca0 the Cudgeler (level 4, 0/28 HPs)
             Began as a Gargoyle Fighter on Jan 6, 2020.
             Slain by a kobold (1 damage)
             ... on level 2 of the Dungeon on Apr 19, 2020.
             The game lasted 00:11:01 (1118 turns).

nicanaca0 the Cudgeler (Gargoyle Fighter)           Turns: 1118, Time: 00:11:02

Health: 0/28       AC:  8    Str: 19    XL:     4   Next: 15%
Magic:  4/4        EV:  8    Int:  9    God:
Gold:   69         SH:  9    Dex: 10    Spells: 3/3 levels left

rFire    . . .     SeeInvis .   a - +0 flail
rCold    . . .     Gourm    .   c - +0 shield
rNeg     + . .     Faith    .   e - +1 ring mail (curse)
rPois    ∞         Spirit   .   (no helmet)
rElec    +         Reflect  .   (no cloak)
rCorr    .         Harm     .   (no gloves)
MR       .....                  (no boots)
Stlth    ..........             (no amulet)
HPRegen  0.09/turn              O - -2 ring of protection (curse)
MPRegen  0.09/turn              (no ring)

@: no status effects
A: negative energy resistance 1, electricity resistance, unbreathing,
petrification resistance, rot immunity, AC +3
a: no special abilities


You were on level 2 of the Dungeon.
You were hungry.

You visited 1 branch of the dungeon, and saw 2 of its levels.

You collected 69 gold pieces.

Inventory:

Hand Weapons
 a - a +0 flail (weapon)
Missiles
 h - 53 stones (quivered)
Armour
 b - a +0 scale mail
 c - a +0 shield (worn)
 e - a cursed +1 ring mail (worn)
   (You found it on level 1 of the Dungeon)
Jewellery
 O - a cursed -2 ring of protection (left hand)
   (You found it on level 2 of the Dungeon)
Potions
 d - a potion of might {@q4}
 g - a potion of haste {unknown}
Comestibles
 f - a ration


   Skills:
 - Level 3.2 Fighting
 + Level 4.3 Maces & Flails
 - Level 3.2 Armour
 - Level 3.2 Shields


You had 3 spell levels left.
You didn't know any spells.
Your spell library was empty.

Dungeon Overview and Level Annotations

Branches:
Dungeon (2/15)

Altars:
Nemelex Xobeh


Innate Abilities, Weirdness & Mutations

You are resistant to torment.
Your stone body is resilient. (AC +3)
You are immune to poison.
You resist negative energy. (rN+)
You are resistant to electric shocks. (rElec)
You can survive without breathing.
You are immune to petrification.
You are immune to rotting.


Message History

Orders for allies: a - Attack new target. r - Retreat! s - Stop attacking. g - Guard the area. f - Follow me.
Anything else - Cancel.
Okay, then.
You block the goblin's attack. The frilled lizard closely misses you.
The kobold hits you.
* * * LOW HITPOINT WARNING * * *
The hobgoblin hits you but does no damage.
The goblin barely misses you. The frilled lizard barely misses you.
You block the kobold's attack. The hobgoblin barely misses you.
What are your orders? t - Shout!
Orders for allies: a - Attack new target. r - Retreat! s - Stop attacking. g - Guard the area. f - Follow me.
Anything else - Cancel.
Okay, then.
The goblin hits you but does no damage. You block the frilled lizard's attack.
The kobold hits you.
* * * LOW HITPOINT WARNING * * *
The hobgoblin hits you with a +0 club.
* * * LOW HITPOINT WARNING * * *
The goblin hits you but does no damage. The frilled lizard closely misses you.
You block the kobold's attack. You block the hobgoblin's attack.
The goblin hits you but does no damage.
The frilled lizard bites you but does no damage.
The kobold hits you but does no damage. What are your orders? t - Shout!
Orders for allies: a - Attack new target. r - Retreat! s - Stop attacking. g - Guard the area. f - Follow me.
Anything else - Cancel.
Okay, then.
The hobgoblin hits you but does no damage.
You block the goblin's attack. You block the frilled lizard's attack.
The kobold hits you.
* * * LOW HITPOINT WARNING * * *
The goblin hits you but does no damage.
The hobgoblin hits you but does no damage.
You block the frilled lizard's attack. The kobold hits you.
* * * LOW HITPOINT WARNING * * *
What are your orders? t - Shout!
Orders for allies: a - Attack new target. r - Retreat! s - Stop attacking. g - Guard the area. f - Follow me.
Anything else - Cancel.
Okay, then.
The frilled lizard bites you but does no damage.
The goblin hits you but does no damage. The hobgoblin barely misses you.
You block the kobold's attack.
The frilled lizard bites you but does no damage.
You block the goblin's attack. The kobold hits you but does no damage.
The hobgoblin hits you but does no damage.
You block the goblin's attack. The frilled lizard barely misses you.
You block the kobold's attack.
The hobgoblin hits you but does no damage.
You block the goblin's attack. You block the frilled lizard's attack.
The kobold hits you but does no damage. The hobgoblin hits you with a +0 club.
* * * LOW HITPOINT WARNING * * *
The goblin hits you but does no damage. You block the frilled lizard's attack.
The kobold barely misses you. The hobgoblin closely misses you.
The goblin hits you but does no damage.
The frilled lizard bites you but does no damage.
The kobold hits you but does no damage. You block the hobgoblin's attack.
What are your orders? t - Shout!
Orders for allies: a - Attack new target. r - Retreat! s - Stop attacking. g - Guard the area. f - Follow me.
Anything else - Cancel.
Okay, then.
The goblin barely misses you. The frilled lizard bites you.
* * * LOW HITPOINT WARNING * * *
You block the kobold's attack.
The hobgoblin hits you but does no damage.
You block the goblin's attack. The frilled lizard closely misses you.
The kobold hits you but does no damage. You block the hobgoblin's attack.
The goblin barely misses you. The frilled lizard barely misses you.
You block the kobold's attack.
The hobgoblin hits you but does no damage.
The goblin hits you.
* * * LOW HITPOINT WARNING * * *
You block the frilled lizard's attack. The kobold hits you but does no damage.
The goblin barely misses you. You block the hobgoblin's attack.
The frilled lizard barely misses you. The kobold hits you but does no damage.
The frilled lizard closely misses you. You block the goblin's attack.
The hobgoblin closely misses you. You block the kobold's attack.
The goblin hits you but does no damage. The frilled lizard misses you.
The kobold completely misses you.
The hobgoblin hits you but does no damage.
The goblin hits you but does no damage. You block the frilled lizard's attack.
You block the kobold's attack. The hobgoblin hits you with a +0 club.
* * * LOW HITPOINT WARNING * * *
The goblin hits you but does no damage.
The frilled lizard bites you but does no damage.
The kobold hits you.
You die...

#.##........#.##
#.............#
#########.#####
#.# ##.## #...#
#...# #...#
#g9.#


#Kgl# ........ ............ #.............# #.####...###### . #...# ..... You
could see a hobgoblin, a goblin, a kobold and a frilled lizard.

Vanquished Creatures
  A howler monkey (D:2)
  A leopard gecko (D:1)
  2 giant cockroaches (D:1)
  2 goblins
  5 hobgoblins (D:1)
  3 kobolds
  6 bats
  3 frilled lizards (D:1)
  5 rats (D:1)
28 creatures vanquished.

Notes
Turn   | Place    | Note
-------+----------+-------------------------------------------
     0 | D:1      | nicanaca0 the Gargoyle Fighter began the quest for the Orb.
     0 | D:1      | Reached XP level 1. HP: 14/14 MP: 1/1
    58 | D:1      | Upgraded the game from 0.24.0-123-gd5b16e6ec5 to
                  | 0.24.0-125-gc4c63601f3
    64 | D:1      | Upgraded the game from 0.24.0-125-gc4c63601f3 to
                  | 0.24.1-1-gd1d2a07e1b
   226 | D:1      | Reached XP level 2. HP: 19/19 MP: 2/2
   305 | D:1      | Reached skill level 3 in Maces & Flails
   554 | D:1      | Reached XP level 3. HP: 23/23 MP: 3/3
   580 | D:1      | Upgraded the game from 0.24.1-1-gd1d2a07e1b to
                  | 0.24.1-4-ge52af88ad5
   612 | D:1      | Found a sparkling altar of Nemelex Xobeh.
   910 | D:2      | Reached skill level 4 in Maces & Flails
   910 | D:2      | Reached XP level 4. HP: 23/28 MP: 4/4
  1062 | D:2      | q
  1103 | D:2      | HP: 7/28 [kobold (1)]
  1110 | D:2      | HP: 3/28 [frilled lizard (2)]
  1117 | D:2      | HP: 1/28 [hobgoblin/+0 club (1)]
  1118 | D:2      | Slain by a kobold

Levels and vault maps discovered:
D:1:      dpeg_arrival_three_same_balls, layout_loops_ring, grunt_decor_cap,
          grunt_decor_one_mirror, nemelex_diamond_rough_becter
D:2:      layout_loops_cross, overflow_temple_1_default, grunt_qazlal_clouds,
          grunt_dithmenos_smoke_and_mirrors

Skill      XL: |  1  2  3 |
---------------+----------+-----
Maces & Flails | 3 4 |  4.3
Fighting       | |  3.2
Armour         | |  3.2
Shields        | |  3.2

Action                   |  1- 3 |  4- 6 || total
-------------------------+-------+-------++-------
Melee: Flail             |   112 |     1 ||   113
  Use: Scroll            |     1 |       ||     1
Armor: Scale mail        |    68 |       ||    68
       Ring mail         |    11 |    51 ||    62
Dodge: Dodged            |    29 |    36 ||    65
Block: Shield            |    69 |    56 ||   125

Levels and vault maps discovered:
D:1:      dpeg_arrival_three_same_balls, layout_loops_ring, grunt_decor_cap,
          grunt_decor_one_mirror, nemelex_diamond_rough_becter
D:2:      layout_loops_cross, overflow_temple_1_default, grunt_qazlal_clouds,
          grunt_dithmenos_smoke_and_mirrors

Table legend:
 A = Turns spent in this place as a percentage of turns spent in the entire game.
 B = Non-inter-level travel turns spent in this place as a percentage of non-inter-level travel turns spent in the entire game.
 C = Inter-level travel turns spent in this place as a percentage of turns spent in this place.
 D = Turns resting spent in this place as a percentage of non-inter-level travel turns spent in this place.
 E = Turns spent auto-exploring this place as a percentage of non-inter-level travel turns spent in this place.
 F = Non-inter-level travel turns spent in this place divided by the number of levels of this place that you've seen.
                   A       B       C       D       E      F
               +-------+-------+-------+-------+-------+----------------------
         Total | 100.0 | 100.0 |   0.7 |   0.0 |  65.7 | 555.0
       Dungeon | 100.0 | 100.0 |   0.7 |   0.0 |  65.7 | 555.0
               +-------+-------+-------+-------+-------+----------------------

Table legend:
 A = Kills in this place as a percentage of kills in entire the game.
 B = Kills by you in this place as a percentage of kills by you in the entire game.
 C = Kills by friends in this place as a percentage of kills by friends in the entire game.
 D = Other kills in this place as a percentage of other kills in the entire game.
 E = Experience gained in this place as a percentage of experience gained in the entire game.
 F = Experience gained in this place divided by the number of levels of this place that you have seen.
                   A       B       C       D       E      F
               +-------+-------+-------+-------+-------+----------------------
         Total | 100.0 | 100.0 |   N/A |   N/A | 100.0 |  47.5
       Dungeon | 100.0 | 100.0 |   N/A |   N/A | 100.0 |  47.5
               +-------+-------+-------+-------+-------+----------------------
